 Dungeon Crawl Stone Soup version 0.24-a0-616-ge2a249a (webtiles) character file.

Game seed: 18291825452340695629, levelgen mode: deterministic

232610 BoppinsLewinski the Unseen (level 19, 0/119 HPs)
             Began as a Kobold Assassin on Sept 3, 2019.
             Was a High Priest of Dithmenos.
             Killed from afar by a deep elf knight (14 damage)
             ... with a stone arrow
             ... led by an ironheart preserver
             ... on level 1 of the Vaults on Sept 14, 2019.
             The game lasted 07:12:44 (56130 turns).

BoppinsLewinski the Unseen (Kobold Assassin)       Turns: 56130, Time: 07:12:45

Health: 0/119      AC: 21    Str: 16    XL:     19   Next: 83%
Magic:  37/37      EV: 22    Int: 15    God:    Dithmenos [*****.]
Gold:   2956       SH: 14    Dex: 22    Spells: 25/26 levels left

rFire    + + +     SeeInvis +   s - +6 dagger of a volcano {drain, rF+ rC+ Int+3}
rCold    + . .     Gourm    .   z - +1 shield {rF+}
rNeg     . . .     Faith    .   R - +5 scale mail "Vyogugg" {rPois Str-3 SInv}
rPois    +         Spirit   .   t - +2 hat
rElec    .         Reflect  .   E - +2 cloak
rCorr    .         Harm     .   e - +0 pair of gloves
MR       +++..                  u - +1 pair of boots "Oxynas" {Dex+4}
Stlth    ++++++++++             Z - amulet of rage
HPRegen  0.29/turn              w - ring "Coiboceig" {rF++ MR++ MP+9 Str-2}
MPRegen  0.25/turn              U - +6 ring of strength

@: very slightly contaminated, wreathed by umbra
A: small, carnivore
}: 2/15 runes: decaying, gossamer
a: Shadow Step, Shadow Form, Renounce Religion, Evoke Berserk Rage


You were on level 1 of the Vaults.
You worshipped Dithmenos.
Dithmenos was extremely pleased with you.
You were not hungry.

You visited 6 branches of the dungeon, and saw 32 of its levels.
You also visited: Bailey, Gauntlet and Ice Cave.

You collected 3686 gold pieces.
You spent 730 gold pieces at shops.

Inventory:

Hand Weapons
 c - a +2 falchion of electrocution
 k - a +3 short sword of venom
 s - the +6 dagger of a volcano (weapon) {drain, rF+ rC+ Int+3}
   (You bought it in a shop on level 2 of the Orcish Mines)

   A truly terrible weapon, it drains the life of those it strikes.
   It affects your intelligence (+3).
   It protects you from fire.
   It protects you from cold.
Missiles
 v - 9 datura-tipped darts
 F - 22 poisoned darts (quivered)
Armour
 e - a +0 pair of gloves (worn)
 t - a +2 hat (worn)
 u - the +1 pair of boots "Oxynas" (worn) {Dex+4}
   (You found it on level 9 of the Dungeon)

   It affects your dexterity (+4).
 z - a +1 shield of fire resistance (worn)
 E - a +2 cloak (worn)
 N - the +2 pair of boots "Kokis" {rElec rC- Regen+ Dex+5}
   (You found it in a Gauntlet)

   It affects your dexterity (+5).
   It makes you vulnerable to cold.
   It insulates you from electricity.
   It increases your rate of regeneration.
 R - the +5 scale mail "Vyogugg" (worn) {rPois Str-3 SInv}
   (You found it on level 2 of the Lair of Beasts)

   It affects your strength (-3).
   It protects you from poison.
   It lets you see invisible.
Jewellery
 p - an uncursed ring of protection from fire
 r - the amulet of Vitality {Regen+ HP+15}
   (You found it on level 10 of the Dungeon)

   [amulet of regeneration]

   It affects your health (+15).
   It increases your rate of regeneration.
 w - the ring "Coiboceig" (left hand) {rF++ MR++ MP+9 Str-2}
   (You found it in a Gauntlet)

   [ring of magical power]

   It affects your strength (-2).
   It greatly protects you from fire.
   It affects your resistance to hostile enchantments.
   It affects your magic capacity (+9).
 D - an uncursed amulet of guardian spirit
 H - the amulet of the Ladybird {RegenMP Dex+3}
   (You acquired it on level 14 of the Dungeon)

   [amulet of magic regeneration]

   It increases your magic regeneration.
   It affects your dexterity (+3).
 J - an uncursed ring of flight
 M - an uncursed amulet of the acrobat
 Q - the ring "Gutimuw" {*Slow rN+ Dex+7 Stlth+}
   (You acquired it on level 14 of the Dungeon)

   [ring of positive energy]

   It affects your dexterity (+7).
   It protects you from negative energy.
   It may slow you when you take damage.
   It makes you more stealthy.
 U - a +6 ring of strength (right hand)
 Z - an amulet of rage (around neck)
Wands
 a - a wand of iceblast (7)
 A - a wand of flame (21)
 Y - a wand of paralysis (4)
Scrolls
 b - 4 scrolls of fear
 d - 2 scrolls of fog
 i - 5 scrolls of blinking
 j - 13 scrolls of remove curse
 l - 7 scrolls of enchant armour
 o - a scroll of teleportation
 B - 5 scrolls of immolation
 C - a scroll of identify
 L - a scroll of brand weapon
 P - 3 scrolls of enchant weapon
 S - 2 scrolls of silence
 X - a scroll of holy word
Potions
 h - 3 potions of brilliance
 n - 10 potions of ambrosia
 x - a potion of magic
 G - 2 potions of curing
 I - a potion of flight
 O - 4 potions of mutation
 T - a potion of agility
 V - 3 potions of lignification
 W - 2 potions of might
Miscellaneous
 m - a phial of floods
 y - a lamp of fire (inert)
Comestibles
 f - 22 rations


   Skills:
 + Level 13.1 Fighting
 - Level 14.5 Short Blades
 - Level 9.5 Throwing
 - Level 7.3 Armour
 + Level 13.9 Dodging
 + Level 19.2 Stealth
 + Level 10.7 Shields
 - Level 4.0 Spellcasting
 + Level 6.5 Hexes
 + Level 11.0 Invocations
 + Level 13.2 Evocations


You had 25 spell levels left.
You knew the following spells:

 Your Spells              Type           Power        Failure   Level  Hunger
a - Confusing Touch       Hex            ###...       10%         1    None

Your spell library contained the following spells:

 Spells                   Type           Power        Failure   Level  Hunger
 Corona                   Hex            ###....      10%         1    None
 Slow                     Hex            ###.....     16%         2    ##.....
 Confuse                  Hex            ###.....     30%         3    ###....
 Tukima's Dance           Hex            ###.....     30%         3    ###....
 Ensorcelled Hibernation  Hex/Ice        ##....       50%         2    ##.....
 Dazzling Spray           Conj/Hex       ##....       75%         3    ###....
 Summon Guardian Golem    Hex/Summ       ##......     75%         3    ###....
 Animate Skeleton         Necr           N/A          82%         1    None
 Apportation              Tloc           #.....       82%         1    None
 Magic Dart               Conj           #...         82%         1    None
 Sandblast                Erth           #.....       82%         1    None
 Summon Small Mammal      Summ           #...         82%         1    None
 Blink                    Tloc           N/A          91%         2    ##.....
 Call Imp                 Summ           #.......     91%         2    ##.....
 Poisonous Vapours        Pois/Air       #.....       91%         2    ##.....
 Call Canine Familiar     Summ           #.......     99%         3    ###....
 Conjure Flame            Conj/Fire      #.......     99%         3    ###....
 Gell's Gravitas          Tloc           #.........   99%         3    ###....
 Mephitic Cloud           Conj/Pois/Air  #.......     99%         3    ###....
 Recall                   Summ/Tloc      N/A          99%         3    ###....
 Animate Dead             Necr           N/A          100%        4    ####...
 Petrify                  Tmut/Erth      #.......     100%        4    ####...
 Summon Ice Beast         Ice/Summ       #.......     100%        4    ####...
 Summon Lightning Spire   Summ/Air       #.......     100%        4    ####...
 Borgnjor's Vile Clutch   Necr/Erth      #.........   100%        5    ######.
 Irradiate                Conj/Tmut      #.........   100%        5    ######.
 Metabolic Englaciation   Hex/Ice        ##........   100%        5    ######.
 Summon Mana Viper        Hex/Summ       ##......     100%        5    ######.
 Yara's Violent Unravell  Hex/Tmut       ##........   100%        5    ######.
 Death Channel            Necr           #.........   100%        6    #######
 Freezing Cloud           Conj/Ice/Air   #.........   100%        6    #######
 Hydra Form               Tmut           #.........   100%        6    #######
 Simulacrum               Ice/Necr       #.........   100%        6    #######
 Statue Form              Tmut/Erth      #........    100%        6    #######
 Dragon Form              Tmut           #.........   100%        7    #######
 Ring of Flames           Chrm/Fire      #.........   100%        7    #######
 Spellforged Servitor     Conj/Summ      #.........   100%        7    #######
 Dragon's Call            Summ           #.........   100%        9    #######


Dungeon Overview and Level Annotations

Branches:
Dungeon (15/15)            Temple (0/1) D:4            Lair (6/6) D:10
  Swamp (4/4) Lair:3       Spider (4/4) Lair:3        Slime (0/5) Lair:5
    Orc (2/2) D:10            Elf (0/3) Orc:2        Vaults (1/5) D:14
 Depths (0/5) D:15         Bailey (visited)           IceCv (visited)
Gauntlet (visited)

Altars:
Ashenzari
Dithmenos
Fedhas
Hepliaklqana
Makhleb
Nemelex Xobeh
Qazlal
Sif Muna
Trog
Uskayaw
Wu Jian
Xom
Yredelemnul
The Shining One
Beogh
Jiyva

Shops:
Orc:2 :((%

Annotations:
D:7 exclusion: downstairs
Lair:3 exclusion: downstairs
Lair:5 1 runed translucent door
Swamp:1 1 runed translucent door, exclusion: thorn hunter, relicbr's ghost, adept MiGl
Swamp:2 exclusion: downstairs
Swamp:3 exclusion: downstairs
Spider:3 exclusion: downstairs, Mara


Innate Abilities, Weirdness & Mutations

You are small and have problems with some larger weapons.
You are carnivorous and can eat meat at any time.


Message History

As ye read tha scroll o' blinkin', it crumbles ta dust.
Yer juvenile shockbat beast bursts inta livin' lightnin'!
Tha livin' lightnin' hits tha frost giant!!
Yer juvenile shockbat beast blinks!
A livin' lightnin' appears from outta yer range o' vision.
Yer juvenile shockbat beast hits tha frost giant.
Tha frost giant points at ye an' mumbles some strange words.
Tha bolt o' cold hits yer juvenile shockbat beast!!!
Yer juvenile shockbat beast dies!
Yer juvenile shockbat beast's corpse disappears in a puff o' smoke!
Yer hands stop glowin'.
Tha deep elf knight hits ye but does nay damage.
Ye block tha deep elf knight's attack.
Ye block tha deep elf knight's attack.
Tha deep elf knight points at ye an' mumbles some strange words.
Tha stone arrow hits ye.
* * * LOW HITPOINT WARNIN'
* * * Tha deep elf knight casts a spell at ye.
Tha stone arrow hits ye!
Ye die...

#####.............####
####...#...C....C....####
###......#...#########.##..
##........#...#...#...#.##..
##.........#...#..8#8..#.####
##......#####...#...'...#.# #
##.....#'#...#e..#...'...'.# .
#.....##.....#...#...'...#.# ..
##....##......#@..#...'...#.####
#....##..(....#...#..8#8..#.# #
#....#..[..####...#...#...#.####
##...##....##..'...#########.....
#....#....##...#.................
#..∩.#../.#....#.................
#....#....'....#.................
#'##########'###########'########
......# #......# #.......#


You could see a frost giant and a deep elf knight.

Vanquished Creatures
  Arachne (Spider:3)
  Jorgrun (Orc:1)
  Donald (Vaults:1)
  Kirke (D:13)
  5 thorn hunters
  A fire giant (D:15)
  3 ghost moths (Spider:4)
  A vault warden (Vaults:1)
  6 emperor scorpions (Spider:4)
  3 ironheart preservers (Vaults:1)
  Azrael (D:13)
  A deep elf demonologist (Vaults:1)
  A deep elf death mage (Vaults:1)
  A spark wasp (Spider:3)
  The ghost of Akuah the Cruncher, a journeyman DsCK of Xom (Spider:2)
  3 ogre magi
  2 vault guards (D:14)
  A rakshasa (Vaults:1)
  25 hydras
  2 ghost crabs (Swamp:3)
  2 centaur warriors
  A catoblepas (Lair:4)
  5 shambling mangroves
  13 alligators
  15 two-headed ogres
  3 tengu warriors
  4 death yaks
  A spriggan berserker (Swamp:4)
  An orc high priest (Orc:1)
  Nergalle (Lair:2)
  A shadow wraith (Vaults:1)
  4 sixfirhies (Gauntlet)
  An unseen horror (D:11)
  2 deep trolls (Orc:2)
  2 spriggan druids
  A phantasmal warrior (Vaults:1)
  7 swamp dragons
  An ironbrand convoker (Vaults:1)
  4 wizards
  Pikel (D:9)
  6 necromancers
  A wolf spider zombie (D:15)
  15 orb spiders
  3 orc knights
  An orc sorcerer (Orc:2)
  25 wolf spiders
  4 deep elf magi
  3 cyclopes
  8 ugly things
  2 moths of wrath
  A guardian serpent (Lair:6)
  2 manticores
  9 black mambas
  4 elephants
  Joseph (D:8)
  2 ice statues (IceCv)
  17 spiny frogs
  2 gargoyles
  2 torpor snails
  5 rime drakes (Lair:4)
  An efreet (D:13)
  2 komodo dragons
  A freezing wraith (D:14)
  A kobold demonologist (D:11)
  8 ice devils (IceCv)
  16 demonic crawlers
  A harpy zombie (D:14)
  A yaktaur (D:10)
  A tengu conjurer (D:14)
  15 trolls
  35 jumping spiders
  18 slime creatures
  10 polar bears
  8 bog bodies
  4 tyrant leeches
  13 hornets
  10 blink frogs
  11 dream sheep
  18 hippogriffs
  A harpy skeleton (D:15)
  48 redbacks
  3 spriggans
  16 tarantellas
  2 wraiths (D:10)
  2 shadows
  A tarantella (shapeshifter) (Vaults:1)
  20 wyverns
  22 yaks
  A vampire (D:11)
  8 basilisks
  Eustachio (D:6)
  9 vampire mosquitoes
  19 humans (D:14)
  A basilisk (shapeshifter) (Vaults:1)
  A hungry ghost (D:14)
  A steam dragon (D:9)
  3 insubstantial wisps (Swamp:4)
  10 wargs
  16 swamp worms
  13 porcupines
  18 hell hounds
  Edmund (D:4)
  2 acid dragons
  16 water moccasins
  9 black bears
  13 ice beasts
  An ettin simulacrum (Vaults:1)
  7 swamp drakes
  25 orc warriors
  3 slaves
  2 eyes of draining (D:10)
  4 sky beasts
  A boggart (D:15)
  An elephant zombie (Lair:5)
  30 ogres
  A necrophage (D:10)
  3 phantoms
  24 wolves
  2 centaurs (D:15)
  9 crocodiles
  2 big kobolds
  A komodo dragon zombie (Lair:5)
  12 bullfrogs
  A gnoll sergeant (D:8)
  2 wyvern skeletons
  6 scorpions
  2 water moccasin skeletons
  12 killer bees
  An orc simulacrum (Vaults:1)
  7 wights (D:12)
  4 centaur zombies
  7 electric eels
  5 crimson imps
  8 howler monkeys
  9 jellies
  A quasit (D:6)
  A yaktaur simulacrum (Vaults:1)
  6 hounds
  5 draconian simulacra (IceCv)
  21 orc priests
  A bullfrog skeleton (D:5)
  5 centaur skeletons
  3 iguanas
  23 orc wizards
  10 hell rats
  17 worker ants
  A spriggan simulacrum (IceCv)
  A centaur simulacrum (IceCv)
  A crocodile zombie (Lair:5)
  A hound zombie (D:7)
  A hound skeleton (D:6)
  3 worker ant zombies
  9 gnolls
  12 adders
  2 ogre simulacra (IceCv)
  2 river rats (Lair:2)
  A naga simulacrum (IceCv)
  6 shadow imps
  6 oozes
  An adder skeleton (D:4)
  5 worms
  3 leopard geckos
  96 orcs
  5 ball pythons
  A bat (D:3)
  7 giant cockroaches
  26 hobgoblins
  8 jackals
  8 quokkas
  2 frilled lizards (D:2)
  25 goblins
  A jackal skeleton (D:8)
  6 kobolds
  A leopard gecko skeleton (D:6)
  9 rats
  A briar patch (Swamp:3)
  2 fungi
1213 creatures vanquished.

Vanquished Creatures (collateral kills)
  A vault warden (Vaults:1)
  A yaktaur captain (Vaults:1)
  A vault guard (D:14)
  2 hydras
  A two-headed ogre (D:13)
  An ogre mage (Orc:2)
  A death yak (Lair:3)
  An orc high priest (Orc:1)
  A swamp dragon (Swamp:4)
  A cyclops (Orc:2)
  A vault sentinel (Vaults:1)
  A centaur skeleton (D:13)
  A spiny frog (Lair:3)
  2 demonic crawlers (Spider:3)
  A troll (Orc:2)
  A hornet (Spider:3)
  2 jumping spiders
  A blink frog (Lair:3)
  2 bog bodies
  A dream sheep (Lair:5)
  5 redbacks
  A tarantella (Spider:3)
  A wraith (Vaults:1)
  A warg (Orc:1)
  2 hell hounds
  3 orc warriors
  A swamp drake (Swamp:4)
  3 black bears (Lair:6)
  An ogre (Orc:1)
  3 boggarts (D:15)
  An orc priest (Orc:1)
  2 gnolls (Bailey)
  8 orcs
  A goblin (Bailey)
57 creatures vanquished.

Vanquished Creatures (others)
  2 humans (D:13)
  A fire elemental (D:13)
  2 sky beasts
  2 orc warriors (Bailey)
  An ogre (D:13)
  A bullfrog (D:9)
  A leopard gecko (D:9)
  2 orcs
  3 briar patches (Swamp:3)
  21 fungi
  31 plants
  2 withered plants (Swamp:1)
69 creatures vanquished.

Grand Total: 1339 creatures vanquished

Notes
Turn   | Place    | Note
-------+----------+-------------------------------------------
     0 | D:1      | BoppinsLewinski the Kobold Assassin began the quest for the
                  | Orb.
     0 | D:1      | Reached XP level 1. HP: 12/12 MP: 1/1
   402 | D:1      | Reached XP level 2. HP: 17/17 MP: 2/2
   767 | D:1      | Reached skill level 6 in Stealth
  1034 | D:2      | Found a blossoming altar of Fedhas.
  1110 | D:2      | Reached XP level 3. HP: 11/21 MP: 3/3
  1266 | D:2      | Found a shadowy altar of Dithmenos.
  1273 | D:2      | Became a worshipper of Dithmenos the Shadowed
  1843 | D:3      | Reached skill level 7 in Stealth
  1857 | D:3      | Found a sparkling altar of Nemelex Xobeh.
  2059 | D:3      | Reached XP level 4. HP: 26/26 MP: 4/4
  2764 | D:3      | Found a burning altar of Makhleb.
  2973 | D:3      | Reached skill level 8 in Stealth
  2973 | D:3      | Reached XP level 5. HP: 19/30 MP: 5/5
  3480 | D:4      | Found a staircase to the Ecumenical Temple.
  3719 | D:4      | Reached * piety under Dithmenos
  3757 | D:4      | Found a shimmering blue altar of Sif Muna.
  3847 | D:4      | Noticed Edmund
  3850 | D:4      | Killed Edmund
  3850 | D:4      | Reached XP level 6. HP: 36/36 MP: 6/6
  4367 | D:4      | Reached skill level 9 in Stealth
  4659 | D:5      | Entered Level 5 of the Dungeon
  4799 | D:5      | Reached XP level 7. HP: 33/41 MP: 7/7
  5334 | D:5      | Reached skill level 1 in Armour
  5957 | D:6      | Reached XP level 8. HP: 47/48 MP: 8/8
  6248 | D:6      | Reached skill level 5 in Short Blades
  6312 | D:6      | Noticed Eustachio
  6324 | D:6      | Killed Eustachio
  7063 | D:6      | Noticed a brown ugly thing
  7586 | D:7      | Reached skill level 10 in Stealth
  7869 | D:7      | Reached XP level 9. HP: 41/52 MP: 9/9
  8128 | D:8      | Reached skill level 5 in Fighting
  8131 | D:8      | Reached ** piety under Dithmenos
  8146 | D:8      | Reached skill level 5 in Dodging
  8192 | D:8      | Reached skill level 5 in Throwing
  8417 | D:8      | Reached skill level 1 in Evocations
  8640 | D:8      | Noticed Joseph
  9794 | D:9      | Noticed Pikel
  9881 | D:9      | Killed Pikel
  9881 | D:9      | Reached skill level 11 in Stealth
  9881 | D:9      | Reached XP level 10. HP: 60/60 MP: 10/12
  9897 | D:9      | Found a shattered altar of Ashenzari.
 10108 | D:9      | Got a pair of faintly glowing boots
 10109 | D:9      | Identified the +1 pair of boots "Oxynas" {Dex+4} (You found
                  | it on level 9 of the Dungeon)
 10138 | D:9      | Found a shimmering altar of Xom.
 10138 | D:9      | Found a bloodstained altar of Trog.
 10144 | D:9      | Found a hide-covered altar of Uskayaw.
 10144 | D:9      | Found a glowing golden altar of the Shining One.
 10144 | D:9      | Found a sparkling altar of Nemelex Xobeh.
 10144 | D:9      | Found a stormy altar of Qazlal.
 10148 | D:9      | Found an ornate altar of the Wu Jian Council.
 10149 | D:9      | Found a hazy altar of Hepliaklqana.
 10201 | D:9      | Reached *** piety under Dithmenos
 10511 | D:9      | Noticed a tengu warrior
 10517 | D:9      | Killed a tengu warrior
 10948 | D:10     | Entered Level 10 of the Dungeon
 11219 | D:10     | Found a staircase to the Orcish Mines.
 11234 | D:10     | Reached XP level 11. HP: 65/67 MP: 4/14
 11259 | D:10     | Found a roughly hewn altar of Beogh.
 11305 | D:10     | Reached skill level 5 in Evocations
 11315 | D:10     | Reached **** piety under Dithmenos
 11315 | D:10     | Reached skill level 12 in Stealth
 11400 | D:10     | Noticed a manticore
 11421 | D:10     | Killed a manticore
 11468 | D:10     | Found the amulet of Vitality {Regen+ HP+15}
 11475 | D:10     | Got a steaming dagger
 11524 | D:10     | Found a hide-covered altar of Uskayaw.
 11718 | D:10     | Found a flagged portal.
 11732 | Bailey   | Entered a bailey
 11917 | Bailey   | Noticed an orc knight
 11927 | Bailey   | Reached ***** piety under Dithmenos
 11949 | Bailey   | Killed an orc knight
 12156 | Bailey   | Noticed an orc warlord
 12156 | Bailey   | Noticed an orc knight
 12964 | D:10     | Found a staircase to the Lair.
 13119 | Lair:1   | Entered Level 1 of the Lair of Beasts
 13173 | Lair:1   | Noticed a seven-headed hydra
 13221 | D:10     | Reached skill level 1 in Invocations
 13889 | D:8      | Killed Joseph
 14258 | D:6      | Killed a brown ugly thing
 14767 | D:9      | Identified the +7 dagger "Gapax" {freeze, *Noise rPois
                  | Dex+7} (You found it on level 10 of the Dungeon)
 14809 | Lair:1   | Killed a seven-headed hydra
 14813 | Lair:1   | Reached XP level 12. HP: 54/73 MP: 16/16
 15378 | Lair:1   | Reached skill level 13 in Stealth
 15570 | Lair:1   | Reached skill level 10 in Short Blades
 16151 | Lair:2   | Noticed Nergalle
 16307 | Lair:3   | Found a gate leading to a gauntlet.
 16354 | Gauntlet | Entered a Gauntlet
 16354 | Gauntlet | Found a transporter.
 16363 | Gauntlet | Found a transporter.
 16365 | Gauntlet | Found a transporter.
 16373 | Gauntlet | Found a transporter.
 16388 | Gauntlet | Found a transporter.
 16393 | Gauntlet | Found a transporter.
 16407 | Gauntlet | Noticed a sixfirhy
 16408 | Gauntlet | Noticed a sixfirhy
 16414 | Gauntlet | Found a transporter.
 16416 | Gauntlet | Noticed a sixfirhy
 16419 | Gauntlet | Noticed a sixfirhy
 16427 | Gauntlet | Found a transporter.
 16427 | Gauntlet | Noticed a ghost crab
 16447 | Gauntlet | Found a transporter.
 16459 | Gauntlet | Found a transporter.
 16467 | Gauntlet | Noticed a sixfirhy
 16468 | Gauntlet | Noticed a sixfirhy
 16471 | Gauntlet | Found a transporter.
 16474 | Gauntlet | Noticed a sixfirhy
 16477 | Gauntlet | Noticed a sixfirhy
 16483 | Gauntlet | Found a transporter.
 16483 | Gauntlet | Noticed a wretched star
 16500 | Gauntlet | Found a transporter.
 16517 | Gauntlet | Found a transporter.
 16519 | Gauntlet | Found a transporter.
 16522 | Gauntlet | Found a runed translucent gate.
 16522 | Gauntlet | Found a runed translucent gate.
 16522 | Gauntlet | Found a runed translucent gate.
 16526 | Gauntlet | Found a large runed translucent door.
 16526 | Gauntlet | Found a large runed translucent door.
 16526 | Gauntlet | Found a large runed translucent door.
 16526 | Gauntlet | Found a large runed translucent door.
 16528 | Gauntlet | Found a large runed translucent door.
 16528 | Gauntlet | Found a large runed translucent door.
 16529 | Gauntlet | Found a large runed translucent door.
 16529 | Gauntlet | Found a large runed translucent door.
 16532 | Gauntlet | Found a large runed translucent door.
 16532 | Gauntlet | Found a large runed translucent door.
 16532 | Gauntlet | Found a runed translucent door.
 16532 | Gauntlet | Found a runed translucent door.
 16533 | Gauntlet | Found a large runed translucent door.
 16534 | Gauntlet | Found a large runed translucent door.
 16543 | Gauntlet | Found a large runed translucent door.
 16543 | Gauntlet | Found a large runed translucent door.
 16544 | Gauntlet | Found a large runed translucent door.
 16545 | Gauntlet | Found a large runed translucent door.
 16547 | Gauntlet | Found a transporter.
 16549 | Gauntlet | Found a transporter.
 16901 | Gauntlet | Found a transporter.
 16953 | Gauntlet | Got a pair of dazzling boots
 16969 | Gauntlet | Identified the +2 pair of boots "Kokis" {rElec rC- Regen+
                  | Dex+5} (You found it in a Gauntlet)
 17058 | Gauntlet | Killed a sixfirhy
 17070 | Gauntlet | Killed a sixfirhy
 17077 | Gauntlet | Killed a sixfirhy
 17090 | Gauntlet | Killed a sixfirhy
 17156 | Gauntlet | Got a translucent bronze ring
 17158 | Gauntlet | Identified the ring "Coiboceig" {rF++ MR++ MP+9 Str-2} (You
                  | found it in a Gauntlet)
 17214 | Gauntlet | Identified the +9 war axe "Dragonbane" {freeze, *Rage rElec
                  | Int+3}
 17214 | Gauntlet | Noticed a minotaur
 17221 | Gauntlet | Identified the Incunabulum of the Shore
 17429 | Lair:2   | Killed Nergalle
 17629 | Lair:2   | Got a spiked scale mail
 18034 | Lair:3   | Reached XP level 13. HP: 79/80 MP: 19/19
 18403 | Lair:3   | Found a hole to the Spider Nest.
 18523 | Lair:3   | Identified the +5 scale mail "Vyogugg" {rPois Str-3 SInv}
                  | (You found it on level 2 of the Lair of Beasts)
 18897 | Lair:3   | Found a staircase to the Swamp.
 18969 | Lair:3   | Reached skill level 5 in Invocations
 18972 | Lair:3   | Reached skill level 10 in Dodging
 18972 | Lair:3   | Reached skill level 14 in Stealth
 19891 | Lair:4   | Noticed a catoblepas
 19899 | Lair:4   | Reached skill level 1 in Shields
 19919 | Lair:4   | Killed a catoblepas
 22234 | Lair:5   | Found a runed translucent door.
 22234 | Lair:5   | Found a viscous altar of Jiyva.
 22234 | Lair:5   | Noticed an azure jelly
 22235 | Lair:5   | Found a staircase to the Slime Pits.
 22235 | Lair:5   | Noticed an azure jelly
 22237 | Lair:5   | Noticed an azure jelly
 22282 | Lair:5   | Reached XP level 14. HP: 87/87 MP: 20/20
 22613 | Lair:5   | Reached ****** piety under Dithmenos
 23031 | Lair:6   | Entered Level 6 of the Lair of Beasts
 23109 | Lair:6   | Reached skill level 10 in Fighting
 23109 | Lair:6   | Reached skill level 5 in Armour
 24692 | Lair:6   | Reached skill level 15 in Stealth
 25531 | Lair:6   | Reached XP level 15. HP: 86/93 MP: 22/22
 25617 | Lair:6   | Reached skill level 10 in Evocations
 25674 | Lair:6   | Reached skill level 5 in Shields
 26581 | Orc:1    | Entered Level 1 of the Orcish Mines
 26581 | Orc:1    | Found a frozen archway.
 26937 | IceCv    | Entered an ice cave
 28668 | Orc:1    | Noticed Jorgrun
 28698 | Orc:1    | Killed Jorgrun
 29024 | Orc:2    | Entered Level 2 of the Orcish Mines
 29900 | Orc:2    | Found a roughly hewn altar of Beogh.
 30394 | Orc:2    | Found Plog's Weapon Shoppe.
 30395 | Orc:2    | Found Docep's Book Boutique.
 30396 | Orc:2    | Found Qasoh's Food Shop.
 30777 | Orc:2    | Found Cyziym's Weapon Boutique.
 30879 | Orc:2    | Bought the +6 dagger of a volcano {drain, rF+ rC+ Int+3}
                  | for 730 gold pieces
 30916 | Orc:2    | Found a staircase to the Elven Halls.
 31908 | D:11     | Reached XP level 16. HP: 99/100 MP: 24/24
 32443 | D:11     | Found the +8 autumn katana {slice, Clar}
 32887 | D:12     | Reached skill level 16 in Stealth
 33018 | D:12     | Found a basalt altar of Yredelemnul.
 33945 | D:13     | Noticed Kirke
 33955 | D:13     | Killed Kirke
 34384 | D:13     | Noticed Azrael
 34407 | D:13     | Killed Azrael
 35936 | D:14     | Found a gate to the Vaults.
 36286 | D:15     | Entered Level 15 of the Dungeon
 36287 | D:15     | Identified 3 scrolls of acquirement
 36292 | D:14     | Identified the ring "Gutimuw" {*Slow rN+ Dex+7 Stlth+} (You
                  | acquired it on level 14 of the Dungeon)
 36294 | D:14     | Identified the amulet of the Ladybird {RegenMP Dex+3} (You
                  | acquired it on level 14 of the Dungeon)
 36488 | D:15     | Found a staircase to the Depths.
 36488 | D:15     | Noticed a fire giant
 36629 | D:15     | Reached skill level 17 in Stealth
 37007 | D:15     | Killed a fire giant
 37007 | D:15     | Reached XP level 17. HP: 102/106 MP: 25/25
 37260 | Swamp:1  | Entered Level 1 of the Swamp
 37661 | Swamp:1  | Found a runed translucent door.
 37662 | Swamp:1  | Noticed relicbr's ghost (adept MiGl)
 37951 | Swamp:1  | Noticed a thorn hunter
 39488 | Swamp:3  | Noticed a thorn hunter
 40231 | Swamp:3  | Noticed a thorn hunter
 40309 | Swamp:3  | Noticed a thorn hunter
 40311 | Swamp:3  | Killed a thorn hunter
 40315 | Swamp:3  | Killed a thorn hunter
 40339 | Swamp:3  | Noticed a thorn hunter
 40380 | Swamp:3  | Killed a thorn hunter
 40604 | Swamp:3  | Killed a thorn hunter
 41170 | Swamp:4  | Entered Level 4 of the Swamp
 41283 | Swamp:4  | Reached skill level 18 in Stealth
 42448 | Swamp:4  | Noticed a thorn hunter
 42466 | Swamp:4  | Killed a thorn hunter
 43222 | Swamp:3  | Reached skill level 10 in Invocations
 43707 | Swamp:4  | Reached XP level 18. HP: 112/112 MP: 27/27
 45719 | Swamp:4  | Got a decaying rune of Zot
 45947 | Spider:1 | Entered Level 1 of the Spider Nest
 48556 | Spider:2 | Reached skill level 10 in Shields
 49051 | Spider:1 | Reached skill level 19 in Stealth
 50118 | Spider:2 | Found a runed translucent door.
 50120 | Spider:2 | Noticed Akuah's ghost (journeyman DsCK)
 50153 | Spider:2 | Killed Akuah's ghost
 50226 | Spider:2 | Learned a level 1 spell: Confusing Touch
 50255 | Spider:3 | Reached skill level 1 in Hexes
 50276 | Spider:3 | Noticed Arachne
 50288 | Spider:3 | Killed Arachne
 50837 | Spider:3 | Reached skill level 5 in Hexes
 51160 | Spider:4 | Entered Level 4 of the Spider Nest
 51160 | Spider:4 | Noticed Mara
 51305 | Spider:4 | Noticed BoppinsLewinski's illusion
 51460 | Spider:4 | Reached skill level 1 in Spellcasting
 51550 | Spider:4 | Reached XP level 19. HP: 114/118 MP: 28/28
 53334 | Spider:4 | Got a gossamer rune of Zot
 53824 | Vaults:1 | Entered Level 1 of the Vaults
 54506 | Vaults:1 | Upgraded the game from 0.24-a0-584-g9d6b971 to
                  | 0.24-a0-614-geaf2f25
 54745 | Vaults:1 | Noticed Donald
 54748 | Vaults:1 | Killed Donald
 55097 | Vaults:1 | Upgraded the game from 0.24-a0-614-geaf2f25 to
                  | 0.24-a0-616-ge2a249a
 56130 | Vaults:1 | Killed from afar by a deep elf knight

Levels and vault maps discovered:
D:1:      shiori_angband_town, layout_basic
D:2:      layout_loops_corners, old_standard_altar, fedhas_altar_fruit_tree,
          minmay_ruptured
D:3:      layout_basic, lightli_temple_of_fire, first_ration,
          nemelex_diamond_rough_becter
D:4:      layout_gridville, led_sif_pool, minmay_temple_entry_glassed_door,
          moated_statue, uniq_edmund
D:5:      layout_loops_ring, mrwooster_statue_mirror
D:6:      minmay_cornered_nines, layout_rooms, uniq_eustachio
D:7:      layout_basic
D:8:      layout_basic, uniq_joseph
D:9:      layout_roguey, nicolae_ashenzari_panopticon, minitemple,
          hangedman_little_slice_of_home, minivault_10, uniq_pikel
D:10:     layout_basic, grunt_lair_entry_orc_guard_hut,
          minmay_orc_entry_temple_small, basic_altar, enter_bailey_3,
          nrook_pool_corridor, minmay_diamond_spiral
D:11:     layout_grid_maze
D:12:     layout_stronghold, yredelemnul_altar_generic
D:13:     layout_basic, uniq_kirke, uniq_azrael
D:14:     layout_rooms, grunt_vaults_entry_tiered, minmay_misc_feat_alley
D:15:     grunt_enter_depths_giant_problem, layout_irregular_city,
          minmay_misc_feat_secret_circle, nicolae_wwwww
Lair:1:   layout_regular_city
Lair:2:   layout_misc_corridors, kennysheep_abandoned_house, uniq_nergalle
Lair:3:   layout_loops_ring, skrybe_swamp_entry_bodies,
          nicolae_spider_entry_non_spiders, gauntlet_entry_generic,
          chequers_serial_rivers_micro_b, disabler_island
Lair:4:   layout_hall_layers, special_room [special_room_mythical_zoo]
Lair:5:   pond_and_an_island_with_a_cottage, layout_long_grid, slime_altar_2,
          lemuel_fruit_fields
Lair:6:   hangedman_lair_caniforms_friends, layout_regular_city,
          hangedman_lair_tendril_chambers
Swamp:1:  layout_falls_marsh, gammafunk_ghost_grave, serial_swamp_ruin,
          evilmike_swamp_ruin_rubble_1, evilmike_swamp_ruin_rubble_2,
          evilmike_swamp_ruin_house_1
Swamp:2:  layout_basic_swamp, evilmike_swamp_ruin_house_4
Swamp:3:  layout_falls_marsh, evilmike_swamp_ruin_house_2
Swamp:4:  swamp_basic_johnstein, layout_basic_swamp, swamp_pool4,
          nicolae_swamp_baby_hydras
Spider:1: layout_spider_delve
Spider:2: layout_spider_delve, ebering_ghost_reflecting_pool
Spider:3: layout_spider_delve, uniq_arachne
Spider:4: grunt_spider_rune_circles, uniq_mara
Orc:1:    layout_caves, portal_ice_cave_entry_ice_beasts, mines5_lemuel,
          uniq_jorgrun
Orc:2:    st_orc_open, layout_caves, basic_altar
Vaults:1: dpeg_vaults_monster_row, nicolae_vaults_ninety_degrees, v_misc_8,
          nicolae_vaults_little_squares_5, nicolae_vaults_little_squares_4,
          ontoclasm_vaults_idyll, hangedman_vaults_locks, st_octagons_1,
          vaults_room_door_hall, ontoclasm_vaults_gateway,
          nicolae_vaults_alarming, layout_vaults_omnibox, uniq_donald

Skill      XL: |  1  2  3  4  5  6  7  8  9 10 11 12 13 14 15 16 17 18 19 |
---------------+----------------------------------------------------------+-----
Stealth        | 6 7 8 9 10 11 12 13 14 15 17 18 19 | 19.2
Short Blades   | 3 4 5 7 8 9 10 11 12 13 14 | 14.5
Dodging        | 2 3 4 6 7 8 9 10 11 12 13 | 13.9
Fighting       | 3 4 6 7 8 9 10 11 12 13 | 13.1
Throwing       | 3 4 6 7 8 9 |  9.5
Armour         | 1 2 3 4 6 7 |  7.3
Evocations     | 2 4 6 8 9 10 11 12 13 | 13.2
Invocations    | 2 4 6 7 8 9 10 11 | 11.0
Shields        | 2 4 6 8 9 10 | 10.7
Hexes          | 5 6 |  6.5
Spellcasting   | 1 4 |  4.0

Action                   |  1- 3 |  4- 6 |  7- 9 | 10-12 | 13-15 | 16-18 | 19-21 || total
-------------------------+-------+-------+-------+-------+-------+-------+-------++-------
Melee: Dagger            |    63 |   128 |    19 |       |   233 |  2837 |   680 ||  3960
       Short sword       |       |       |   392 |   772 |  2190 |       |       ||  3354
       Falchion          |       |       |     3 |     8 |       |    22 |       ||    33
Throw: Dart              |    14 |    19 |    16 |    45 |   192 |   252 |    44 ||   582
       Throwing net      |       |       |       |     3 |       |     1 |       ||     4
       Boomerang         |       |       |       |       |    38 |    26 |    11 ||    75
 Cast: Confusing Touch   |       |       |       |       |       |       |    27 ||    27
Invok: Shadow Form       |       |       |       |     1 |       |       |     3 ||     4
       Shadow Step       |       |       |       |       |     1 |     2 |     2 ||     5
 Abil: Evoke Berserk Rag |       |       |       |       |       |     8 |       ||     8
Evoke: Wand              |       |       |     9 |    45 |    52 |    66 |     4 ||   176
       Box of beasts     |       |       |       |     4 |     5 |     4 |     2 ||    15
       Lamp of fire      |       |       |       |       |     3 |     5 |     1 ||     9
       Sack of spiders   |       |       |       |       |     8 |     4 |       ||    12
       Phial of floods   |       |       |       |       |     3 |     6 |     2 ||    11
  Use: Scroll            |     1 |       |    11 |    17 |    10 |    23 |    11 ||    73
       Potion            |       |     4 |     6 |     7 |     7 |    16 |     5 ||    45
 Stab: Sleeping          |    12 |     9 |    14 |    38 |    41 |    83 |    19 ||   216
       Distracted        |     1 |       |     1 |     9 |    12 |    13 |     6 ||    42
       Invisible         |       |       |     2 |     9 |       |       |     7 ||    18
       Betrayed ally     |       |       |       |     1 |       |       |       ||     1
       Held in net/web   |       |       |       |     1 |       |     1 |       ||     2
       Paralysed         |       |       |       |       |     4 |       |     1 ||     5
       Petrifying        |       |       |       |       |     1 |       |       ||     1
       Fleeing           |       |       |       |       |       |     3 |       ||     3
       Confused          |       |       |       |       |       |       |    16 ||    16
  Eat: Chunk             |     3 |    14 |    17 |    21 |    29 |    24 |    10 ||   118
       Ration            |     1 |       |       |       |     9 |    26 |     2 ||    38
Armor: Robe              |     7 |       |       |       |       |       |       ||     7
       Leather armour    |     5 |    12 |       |       |       |       |       ||    17
       Ring mail         |       |    20 |    75 |    92 |    12 |       |       ||   199
       Scale mail        |       |       |       |       |   414 |   699 |   133 ||  1246
Dodge: Dodged            |    33 |    67 |   261 |   577 |   980 |  1731 |   357 ||  4006
Block: Shield            |       |       |       |       |   937 |  1595 |   384 ||  2916
       Rpst.: Falchion   |       |       |     1 |     3 |       |     3 |       ||     7

Table legend:
 A = Non-vault XP
 B = Vault XP
 C = Vault XP percentage of total XP
 D = Non-vault monster count
 E = Vault monster count
 F = Vault count percentage of total count
                 A         B        C        D         E       F
            +---------+---------+-------+---------+---------+-------
      Total |  190097 |  133930 |  41.3 |     825 |     442 |  34.9
            +---------+---------+-------+---------+---------+-------
        D:1 |      13 |       0 |   0.0 |       7 |       0 |   0.0
        D:2 |      28 |       5 |  15.2 |      10 |       3 |  23.1
        D:3 |     115 |       0 |   0.0 |      29 |       0 |   0.0
        D:4 |     182 |     147 |  44.7 |      11 |       1 |   8.3
        D:5 |     404 |       0 |   0.0 |      16 |       0 |   0.0
        D:6 |     665 |     821 |  55.2 |      19 |       3 |  13.6
        D:7 |     436 |       0 |   0.0 |       8 |       0 |   0.0
        D:8 |    1259 |     457 |  26.6 |      31 |       2 |   6.1
        D:9 |    2852 |     809 |  22.1 |      45 |       8 |  15.1
       D:10 |    3657 |    3054 |  45.5 |      50 |      32 |  39.0
       D:11 |    3831 |       0 |   0.0 |      30 |       0 |   0.0
       D:12 |    4478 |       0 |   0.0 |      33 |       0 |   0.0
       D:13 |    9255 |    3716 |  28.6 |      27 |       6 |  18.2
       D:14 |    6968 |    8373 |  54.6 |      19 |      25 |  56.8
       D:15 |    5922 |    1835 |  23.7 |      22 |       1 |   4.3
     Lair:1 |    3168 |       0 |   0.0 |      14 |       0 |   0.0
     Lair:2 |    3122 |    1181 |  27.4 |      15 |      12 |  44.4
     Lair:3 |    8519 |     886 |   9.4 |      29 |      13 |  31.0
     Lair:4 |    3248 |    6809 |  67.7 |      12 |      25 |  67.6
     Lair:5 |    7074 |    1233 |  14.8 |      32 |       6 |  15.8
     Lair:6 |    5556 |   18546 |  76.9 |      16 |      87 |  84.5
    Swamp:1 |    9370 |       0 |   0.0 |      25 |       0 |   0.0
    Swamp:2 |    8742 |       0 |   0.0 |      20 |       0 |   0.0
    Swamp:3 |   20499 |    1973 |   8.8 |      35 |       2 |   5.4
    Swamp:4 |   10218 |   18398 |  64.3 |      24 |      28 |  53.8
   Spider:1 |    8003 |       0 |   0.0 |      20 |       0 |   0.0
   Spider:2 |   14898 |    1102 |   6.9 |      46 |       1 |   2.1
   Spider:3 |   12746 |    3858 |  23.2 |      41 |       1 |   2.4
   Spider:4 |   11171 |   23200 |  67.5 |      36 |      35 |  49.3
      Orc:1 |    4836 |    7279 |  60.1 |      48 |      22 |  31.4
      Orc:2 |    2570 |   10636 |  80.5 |      29 |      26 |  47.3
   Vaults:1 |   16292 |    9601 |  37.1 |      26 |      14 |  35.0
     Bailey |       0 |    1491 | 100.0 |       0 |      60 | 100.0
      IceCv |       0 |    4494 | 100.0 |       0 |      21 | 100.0
   Gauntlet |       0 |    4026 | 100.0 |       0 |       8 | 100.0
            +---------+---------+-------+---------+---------+-------
